ESL (28 & UNDER)
NEWARK BULLDOGS @ MT PLEASANT BEARCATS
09/05/2025
 
TOP OF THE 1ST
Newark Bulldogs batting - Pitching for Mt Pleasant Bearcats : LHP Félix García
Pitching: LHP Félix García
Batting: SHB Nick Marshall 0-0: Ball
1-0: Foul Ball, location: 2F
1-1: Ball
2-1: Ball
3-1: Base on Balls
Batting: RHB Peter Sexton 0-0: Called Strike
0-1: Called Strike
0-2: Strikes out swinging
Batting: RHB Rob Bass 0-0: Ball
1-0: Foul Ball, location: 2F
1-1: Ball
2-1: Fly out, F5 (Popup, 25F)
Batting: LHB Lee Burton 0-0: Ball
1-0: Swinging Strike
1-1: Foul Ball, location: 2F
1-2: Ground out 4-3 (Groundball, 13)
Top of the 1st over - 0 run(s), 0 hit(s), 0 error(s), 1 left on base; Newark 0 - Mt Pleasant 0
BOTTOM OF THE 1ST
Mt Pleasant Bearcats batting - Pitching for Newark Bulldogs : RHP José Gómez
Pitching: RHP José Gómez
Batting: RHB Carlos Luna 0-0: Ball
1-0: Ground out 6-3 (Groundball, 6M)
Batting: RHB Patrick Potts 0-0: Ball
1-0: Ground out 6-3 (Groundball, 6)
Batting: RHB Ricardo Salazar 0-0: Foul Ball, location: 2F
0-1: Foul Ball, location: 2F
0-2: Ball
1-2: Strikes out looking
Bottom of the 1st over - 0 run(s), 0 hit(s), 0 error(s), 0 left on base; Newark 0 - Mt Pleasant 0
TOP OF THE 2ND
Newark Bulldogs batting - Pitching for Mt Pleasant Bearcats : LHP Félix García
Batting: RHB Jonas Uttley 0-0: Called Strike
0-1: Ball
1-1: Ball
2-1: SINGLE (Flyball, 9S)
Batting: RHB Larry Booth 0-0: Ball
1-0: Called Strike
1-1: Swinging Strike
1-2: Foul Ball, location: 2F
1-2: Strikes out swinging
Batting: RHB Emílio Salas 0-0: Ball
1-0: Foul Ball, location: 2F
1-1: Foul Ball, location: 2F
1-2: Strikes out swinging
Batting: RHB Carl Byrd 0-0: Called Strike
0-1: Ball
1-1: Ball
2-1: Ball
3-1: Called Strike
3-2: Strikes out swinging
Top of the 2nd over - 0 run(s), 1 hit(s), 0 error(s), 1 left on base; Newark 0 - Mt Pleasant 0
BOTTOM OF THE 2ND
Mt Pleasant Bearcats batting - Pitching for Newark Bulldogs : RHP José Gómez
Batting: RHB Jeffrey Hicks 0-0: Called Strike
0-1: Swinging Strike
0-2: Ball
1-2: Ball
2-2: Ball
3-2: Ground out 4-3 (Groundball, 4M)
Batting: RHB Yasutoki Kojima 0-0: Ball
1-0: Ball
2-0: Swinging Strike
2-1: Foul Ball, location: 2F
2-2: SINGLE (Groundball, 4M)
Batting: SHB Wayne Matthews 0-0: Ball
1-0: Ground out 2-3 (Groundball, 13S)
Yasutoki Kojima to second
Batting: RHB Irving Galloway 0-0: Ball
1-0: Swinging Strike
1-1: Ball
2-1: Called Strike
2-2: Ball
3-2: Foul Ball, location: 2F
3-2: SINGLE (Groundball, 6M) (infield hit)
Yasutoki Kojima to third
Batting: RHB Roberto Martínez 0-0: Ball
1-0: Foul Ball, location: 2F
1-1: Ball
2-1: Ball
3-1: Fly out, F9 (Flyball, 89S)
Bottom of the 2nd over - 0 run(s), 2 hit(s), 0 error(s), 2 left on base; Newark 0 - Mt Pleasant 0
TOP OF THE 3RD
Newark Bulldogs batting - Pitching for Mt Pleasant Bearcats : LHP Félix García
Batting: RHB Gabriel Villegas 0-0: Swinging Strike
0-1: Ball
1-1: Swinging Strike
1-2: Fly out, F9 (Flyball, 9M)
Batting: SHB Nick Marshall 0-0: Foul Ball, location: 2F
0-1: Ground out 1-3 (Groundball, 13S)
Batting: RHB Peter Sexton 0-0: Ball
1-0: SINGLE (Groundball, 34D)
Batting: RHB Rob Bass 0-0: Ball
1-0: Called Strike
1-1: Ball
Peter Sexton steals 2nd base
2-1: Ground out 6-3 (Groundball, 6)
Top of the 3rd over - 0 run(s), 1 hit(s), 0 error(s), 1 left on base; Newark 0 - Mt Pleasant 0
BOTTOM OF THE 3RD
Mt Pleasant Bearcats batting - Pitching for Newark Bulldogs : RHP José Gómez
Batting: SHB Jorge Rodríguez 0-0: Called Strike
0-1: Ball
1-1: Ground out U3 (Groundball, 3S)
Batting: RHB Carlos Luna 0-0: Ball
1-0: Called Strike
1-1: Ball
2-1: Ball
3-1: Foul Ball, location: 2F
3-2: Base on Balls
Batting: RHB Patrick Potts 0-0: Called Strike
0-1: Called Strike
0-2: Fly out, F9 (Flyball, 9M)
Batting: RHB Ricardo Salazar 0-0: Ball
1-0: Foul Ball, location: 2F
1-1: Fly out, F4 (Popup, 4MD)
Bottom of the 3rd over - 0 run(s), 0 hit(s), 0 error(s), 1 left on base; Newark 0 - Mt Pleasant 0
TOP OF THE 4TH
Newark Bulldogs batting - Pitching for Mt Pleasant Bearcats : LHP Félix García
Batting: LHB Lee Burton 0-0: Ball
1-0: Foul Ball, location: 2F
1-1: Foul Ball, location: 2F
1-2: Strikes out swinging
Batting: RHB Jonas Uttley 0-0: Ball
1-0: Ball
2-0: Ball
3-0: Called Strike
3-1: Ground out 4-3 (Groundball, 4)
Batting: RHB Larry Booth 0-0: Called Strike
0-1: Ball
1-1: Ball
2-1: Ball
3-1: Called Strike
3-2: Strikes out looking
Top of the 4th over - 0 run(s), 0 hit(s), 0 error(s), 0 left on base; Newark 0 - Mt Pleasant 0
BOTTOM OF THE 4TH
Mt Pleasant Bearcats batting - Pitching for Newark Bulldogs : RHP José Gómez
Batting: RHB Jeffrey Hicks 0-0: Ball
1-0: Ground out 6-3 (Groundball, 6)
Batting: RHB Yasutoki Kojima 0-0: Ball
1-0: Foul Ball, location: 2F
1-1: Swinging Strike
1-2: Foul Ball, location: 2F
1-2: Strikes out swinging
Batting: SHB Wayne Matthews 0-0: Ball
1-0: Ball
2-0: Ground out 4-3 (Groundball, 4MS)
Bottom of the 4th over - 0 run(s), 0 hit(s), 0 error(s), 0 left on base; Newark 0 - Mt Pleasant 0
TOP OF THE 5TH
Newark Bulldogs batting - Pitching for Mt Pleasant Bearcats : LHP Félix García
Batting: RHB Emílio Salas 0-0: Ball
1-0: Called Strike
1-1: Called Strike
1-2: Strikes out looking
Batting: RHB Carl Byrd 0-0: Called Strike
0-1: Foul Ball, location: 2F
0-2: Foul Ball, location: 2F
0-2: Foul Ball, location: 2F
0-2: Foul Ball, location: 2F
0-2: Ball
1-2: Ball
2-2: Fly out, F7 (Flyball, 7M)
Batting: RHB Gabriel Villegas 0-0: Ball
1-0: Ball
2-0: SINGLE (Groundball, 6MD)
Batting: SHB Nick Marshall 0-0: Ball
1-0: Ball
2-0: Ball
3-0: Called Strike
3-1: Ground out 1-3 (Groundball, 13)
Top of the 5th over - 0 run(s), 1 hit(s), 0 error(s), 1 left on base; Newark 0 - Mt Pleasant 0
BOTTOM OF THE 5TH
Mt Pleasant Bearcats batting - Pitching for Newark Bulldogs : RHP José Gómez
Batting: RHB Irving Galloway 0-0: Ball
1-0: Ball
2-0: Ball
3-0: Called Strike
3-1: Base on Balls
Batting: RHB Roberto Martínez 0-0: Called Strike
0-1: Foul Ball, location: 2F
0-2: Ball
1-2: Ball
2-2: Ball
3-2: Foul Ball, location: 2F
3-2: SINGLE (Groundball, 56D)
Irving Galloway to second
Batting: SHB Jorge Rodríguez 0-0: Called Strike
0-1: Ball
1-1: Ball
2-1: Swinging Strike
2-2: Fielders Choice at 2nd, 6-4 (Groundball, 6M)
Irving Galloway to third
Batting: RHB Carlos Luna 0-0: Ball
1-0: Called Strike
1-1: Called Strike
1-2: Foul Ball, location: 2F
1-2: Ball
2-2: Strikes out swinging
Batting: RHB Patrick Potts 0-0: Swinging Strike
0-1: Ball
1-1: Ball
2-1: Foul Ball, location: 2F
2-2: Ball
3-2: Strikes out swinging
Bottom of the 5th over - 0 run(s), 1 hit(s), 0 error(s), 2 left on base; Newark 0 - Mt Pleasant 0
TOP OF THE 6TH
Newark Bulldogs batting - Pitching for Mt Pleasant Bearcats : LHP Félix García
Batting: RHB Peter Sexton 0-0: Ball
1-0: Ball
2-0: Reached on Error, E4 (Popup, 34D)
Pitching: RHP Bill Sampson
Batting: RHB Rob Bass 0-0: Ball
1-0: Ball
2-0: SINGLE (Groundball, 56D)
Peter Sexton to second
Batting: LHB Lee Burton 0-0: Ball
1-0: Foul Ball, location: 2F
1-1: Ball
2-1: Swinging Strike
2-2: Foul Ball, location: 2F
2-2: Fly out, F7 (Flyball, 78XD)
Runner from 2nd tags up, SAFE at 3rd, no throw
Batting: RHB Jonas Uttley 0-0: Ball
1-0: Ball
2-0: Grounds into double play, 5-4-3 (Groundball, 56)
Top of the 6th over - 0 run(s), 1 hit(s), 1 error(s), 1 left on base; Newark 0 - Mt Pleasant 0
BOTTOM OF THE 6TH
Mt Pleasant Bearcats batting - Pitching for Newark Bulldogs : RHP José Gómez
Batting: RHB Ricardo Salazar 0-0: Ball
1-0: Swinging Strike
1-1: Foul Ball, location: 2F
1-2: Strikes out swinging
Batting: RHB Jeffrey Hicks 0-0: Ball
1-0: Foul Ball, location: 2F
1-1: Swinging Strike
1-2: Ground out 1-3 (Groundball, 23)
Batting: RHB Yasutoki Kojima 0-0: Hit by Pitch
Pitching: RHP Jim Cook
Batting: SHB Wayne Matthews 0-0: Called Strike
0-1: Ground out U3 (Groundball, 3)
Bottom of the 6th over - 0 run(s), 0 hit(s), 0 error(s), 1 left on base; Newark 0 - Mt Pleasant 0
TOP OF THE 7TH
Newark Bulldogs batting - Pitching for Mt Pleasant Bearcats : RHP Bill Sampson
Batting: RHB Larry Booth 0-0: Called Strike
0-1: Ball
1-1: Ball
2-1: Foul Ball, location: 2F
2-2: Ball
3-2: Foul Ball, location: 2F
3-2: Base on Balls
Batting: RHB Emílio Salas 0-0: Ball
1-0: Swinging Strike
1-1: Swinging Strike
1-2: Strikes out swinging
Batting: RHB Carl Byrd 0-0: Ball
1-0: Ball
2-0: Called Strike
2-1: SINGLE (Line Drive, 9S)
Larry Booth to second
Batting: RHB Gabriel Villegas 0-0: Foul Ball, location: 2F
0-1: Foul Ball, location: 2F
0-2: Ground out 5-3 (Groundball, 56S)
Larry Booth to third
Carl Byrd to second
Batting: SHB Nick Marshall 0-0: Foul Ball, location: 2F
0-1: Ball
1-1: Swinging Strike
1-2: SINGLE (Groundball, 56D)
Larry Booth scores
Carl Byrd to third
Runner from 3rd tries for Home, SAFE, no throw or cutoff
Batting: RHB Peter Sexton 0-0: Ball
Nick Marshall is caught stealing 2nd base
Top of the 7th over - 2 run(s), 2 hit(s), 0 error(s), 0 left on base; Newark 2 - Mt Pleasant 0
BOTTOM OF THE 7TH
Mt Pleasant Bearcats batting - Pitching for Newark Bulldogs : RHP Jim Cook
Batting: RHB Irving Galloway 0-0: Ball
1-0: Called Strike
1-1: Foul Ball, location: 2F
1-2: DOUBLE (Line Drive, 89M)
Batting: RHB Roberto Martínez 0-0: Foul Ball, location: 2F
0-1: Called Strike
0-2: Strikes out swinging
Batting: SHB Jorge Rodríguez 0-0: Foul Ball, location: 2F
0-1: Ball
1-1: Ball
2-1: Called Strike
2-2: Foul Ball, location: 2F
2-2: Strikes out swinging
Batting: RHB Carlos Luna 0-0: Ball
1-0: Ball
2-0: SINGLE (Line Drive, 89S)
Irving Galloway to third
Runner from 3rd tries for Home, SAFE, no throw or cutoff
Batting: RHB Patrick Potts 0-0: Called Strike
0-1: Fly out, F9 (Flyball, 9S)
Bottom of the 7th over - 1 run(s), 2 hit(s), 0 error(s), 1 left on base; Newark 2 - Mt Pleasant 1
TOP OF THE 8TH
Newark Bulldogs batting - Pitching for Mt Pleasant Bearcats : RHP Bill Sampson
Pitching: LHP León Hernández
Batting: RHB Peter Sexton 0-0: Called Strike
0-1: Reached on error, E6 (Groundball, 6)
Batting: RHB Rob Bass 0-0: Foul Ball, location: 2F
0-1: Grounds into double play, 6-4-3 (Groundball, 6M)
Batting: LHB Lee Burton 0-0: Ball
1-0: Called Strike
1-1: Foul Ball, location: 2F
1-2: Ball
2-2: Ground out 5-3 (Groundball, 56)
Top of the 8th over - 0 run(s), 0 hit(s), 1 error(s), 0 left on base; Newark 2 - Mt Pleasant 1
BOTTOM OF THE 8TH
Mt Pleasant Bearcats batting - Pitching for Newark Bulldogs : RHP Jim Cook
Pitching: RHP Bartolo Rodríguez
Now at 2B: António Flores
Batting: RHB Ricardo Salazar 0-0: Ball
1-0: Swinging Strike
1-1: Foul Ball, location: 2F
1-2: Ball
2-2: Ball
3-2: Base on Balls
Batting: RHB Jeffrey Hicks 0-0: Ball
1-0: Ball
2-0: Swinging Strike
2-1: Foul Ball, location: 2F
2-2: Ball
3-2: Strikes out swinging
Batting: RHB Yasutoki Kojima Balk!
Ricardo Salazar to second
0-0: Ball
1-0: Called Strike
1-1: Ball
Wild Pitch!
Ricardo Salazar to third
2-1: Ball
3-1: Base on Balls
Pitching: RHP Tomás Pagán
Pinch Hitting: RHB Ramiro Chávez 0-0: Grounds into double play, 6-4-3 (Groundball, 6)
Bottom of the 8th over - 0 run(s), 0 hit(s), 0 error(s), 1 left on base; Newark 2 - Mt Pleasant 1
TOP OF THE 9TH
Newark Bulldogs batting - Pitching for Mt Pleasant Bearcats : LHP León Hernández
Pitching: RHP Sancho Mendoza
Now at 3B: Ramiro Chávez
Batting: RHB Jonas Uttley 0-0: SINGLE (Line Drive, 6MD)
Batting: RHB Larry Booth 0-0: Ball
1-0: Sac Bunt - play at first, batter OUT! 1-4
Jonas Uttley to second
Batting: RHB Emílio Salas 0-0: Ball
Balk!
Jonas Uttley to third
1-0: Ball
2-0: Called Strike
2-1: Ground out 5-3 (Groundball, 5)
Pinch Hitting: LHB Eugene Miller 0-0: Called Strike
0-1: Ball
1-1: Ball
2-1: Called Strike
2-2: Ball
3-2: Base on Balls
Batting: RHB Gabriel Villegas 0-0: Ball
1-0: Called Strike
1-1: Ball
2-1: Ball
Wild Pitch!
Jonas Uttley scores
Eugene Miller to second
3-1: Foul Ball, location: 2F
3-2: Base on Balls
Batting: SHB Nick Marshall 0-0: Swinging Strike
0-1: Ball
1-1: Foul Ball, location: 2F
1-2: Ground out 4-3 (Groundball, 34)
Top of the 9th over - 1 run(s), 1 hit(s), 0 error(s), 2 left on base; Newark 3 - Mt Pleasant 1
BOTTOM OF THE 9TH
Mt Pleasant Bearcats batting - Pitching for Newark Bulldogs : RHP Tomás Pagán
Pitching: RHP Júlio Sandoval
Now in LF: Owen Moreno
Batting: RHB Irving Galloway 0-0: Ball
1-0: Called Strike
1-1: Ball
2-1: Swinging Strike
2-2: Strikes out looking
Batting: RHB Roberto Martínez 0-0: SINGLE (Groundball, 56)
Pinch Hitting: SHB William Hamilton 0-0: Called Strike
0-1: Foul Ball, location: 2F
0-2: Ball
1-2: Strikes out looking
Pinch Hitting: LHB Ramiro Muñóz 0-0: Ball
1-0: Called Strike
1-1: Ball
2-1: Foul Ball, location: 2F
2-2: Ball
3-2: Foul Ball, location: 2F
3-2: Foul Ball, location: 2F
3-2: Ground out 6-3 (Groundball, 6M)
Bottom of the 9th over - 0 run(s), 1 hit(s), 0 error(s), 1 left on base; Newark 3 - Mt Pleasant 1
This league is powered by Out of the Park Baseball, the baseball management simulation game for PC, Mac and Linux
Tuesday, August 2nd, 2016 - OOTP Baseball 16.8 Build 38